 Dungeon Crawl Stone Soup version 0.26-a0-490-gf8362a0c98 (webtiles) character file.

Game seed: 15006456428986487472

84 ANON1729 the Sneak (level 4, -2/34 HPs)
             Began as a Palentonga Delver on Aug 4, 2020.
             Was an Initiate of Hepliaklqana.
             Slain by an orc wizard
             ... wielding a +0 dagger
              (3 damage)
             ... on level 3 of the Dungeon.
             The game lasted 00:03:29 (1987 turns).

ANON1729 the Sneak (Palentonga Delver)              Turns: 1987, Time: 00:03:30

Health: -2/34      AC: 11    Str: 16    XL:     4   Next: 24%
Magic:  4/4        EV: 10    Int: 11    God:    Hepliaklqana [......]
Gold:   168        SH:  0    Dex: 11    Spells: 3/3 levels left

rFire    . . .     SeeInvis +   j - +2 flail (protect)
rCold    . . .     Faith    .   (no shield)
rNeg     . . .     Spirit   .   b - +0 leather armour
rPois    .         Reflect  .   (no helmet)
rElec    .         Harm     .   (no cloak)
rCorr    .                      (no gloves)
MR       .....                  (boots restricted)
Stlth    ++........             (no amulet)
HPRegen  0.11/turn              (no ring)
MPRegen  0.09/turn              (no ring)

@: protection aura
A: large, reduced essence, rugged brown scales 3, see invisible, deformed body,
roll, armoured tail
a: Rolling Charge, Recall Ancestor, Ancestor Identity, Renounce Religion


You were on level 3 of the Dungeon.
You worshipped Hepliaklqana.
Hepliaklqana was noncommittal.
You visited 2 branches of the dungeon, and saw 4 of its levels.

You collected 168 gold pieces.

Inventory:

Hand Weapons
 a - a +0 falchion
 j - a +2 flail of protection (weapon)
 m - a +0 long sword
Armour
 b - a +0 leather armour (worn)
Jewellery
 l - an uncursed ring of flight {unknown}
Wands
 g - a wand of digging (3)
Scrolls
 c - a scroll of fog
 d - 2 scrolls of magic mapping
 e - a scroll of fear
 h - a scroll of random uselessness {unknown}
 k - a scroll of remove curse {unknown}
 o - 4 scrolls of amnesia {unknown}
 p - 4 scrolls of identify {unknown}
 q - 2 scrolls of teleportation {unknown}
Potions
 f - a potion of haste
 i - 2 potions of brilliance {unknown}
 n - a potion of lignification {unknown}


   Skills:
 * Level 3.6 Fighting
 * Level 2.9 Long Blades
 + Level 0.8 Armour
 + Level 2.0 Dodging
 + Level 3.6 Stealth


You had 3 spell levels left.
You didn't know any spells.
Your spell library was empty.

Dungeon Overview and Level Annotations

Branches:
Dungeon (5/15)             Temple (1/1) D:4

Altars:
Gozag
Hepliaklqana
Makhleb
Ru
Xom

Annotations:
D:5 exclusion: centaur, Menkaure, Sigmund


Innate Abilities, Weirdness & Mutations

You are completely covered in rugged brown scales. (AC +3, +7% HP)
You have supernaturally acute eyesight. (SInv)
Armour fits poorly on your strangely shaped body.
You can roll at foes to attack.
You have a long armoured tail.
Your life essence is reduced to manifest your ancestor. (-10% HP)


Message History

The orc warrior is lightly wounded.
The orc wizard hits you but does no damage.
The orc warrior hits you with a +0 halberd!!
Ouch! That really hurt!
* * * LOW HITPOINT WARNING * * *
Paullus hits the orc wizard.
You are too injured to fight recklessly!
You are too injured to fight recklessly!
You are too injured to fight recklessly!
You are too injured to fight recklessly!
You are too injured to fight recklessly!
You are too injured to fight recklessly!
You are too injured to fight recklessly!
You are too injured to fight recklessly!
You are too injured to fight recklessly!
You are too injured to fight recklessly!
You are too injured to fight recklessly!
You swap places.
The orc wizard hits you with a +0 dagger.
You die...

. . ### #..
######.##
#..
......#.# #
.$#
######.##
###...# #.#
...#.# #.#
...# #.#
#.#########
#.#
#.@oo......
#.#
#..Ro.>###
#.##
#.####.#
#.># #.# ..
##.# #.# #
#.# #.# #.#
#.########
#.#
#......†.#
#.#
########.#


You could see the friendly Paullus the ancestor, an orc warrior, an orc wizard
(fast) and an orc.

Vanquished Creatures
  3 adders
  A worm (D:3)
  A leopard gecko (D:3)
  5 orcs
  2 bats (D:3)
  A giant cockroach (D:5)
  2 goblins (D:3)
  3 hobgoblins (D:3)
  A quokka (D:3)
  2 ball pythons (D:3)
  A rat (D:3)
22 creatures vanquished.

Vanquished Creatures (collateral kills)
  A worker ant (D:4)
  An orc (D:3)
  A kobold (D:3)
3 creatures vanquished.

Vanquished Creatures (others)
  2 ancestors (D:4)
2 creatures vanquished.

Grand Total: 27 creatures vanquished

Notes
Turn   | Place    | Note
-------+----------+-------------------------------------------
     0 | D:5      | ANON1729 the Palentonga Delver began the quest for the Orb.
     0 | D:5      | Reached XP level 1. HP: 19/19 MP: 1/1
   132 | D:5      | Noticed a centaur
   492 | D:5      | Noticed Sigmund
   775 | D:5      | Noticed Menkaure
   828 | D:5      | Reached XP level 2. HP: 15/25 MP: 2/2
  1058 | D:4      | Found a staircase to the Ecumenical Temple.
  1067 | Temple   | Entered the Ecumenical Temple
  1073 | Temple   | Became a worshipper of Hepliaklqana the Forgotten
  1090 | D:4      | Reached XP level 3. HP: 13/28 MP: 3/3
  1504 | D:4      | Noticed an ogre
  1797 | D:3      | Found a faded altar of an unknown god.
  1943 | D:3      | Reached XP level 4. HP: 24/33 MP: 4/4
  1980 | D:3      | Noticed an orc warrior
  1986 | D:3      | HP: 1/34 [orc warrior/+0 halberd (21)]
  1987 | D:3      | Slain by an orc wizard

Illustrated notes

Levels and vault maps discovered:
D:3:      layout_loops_ring, chequers_ecumenical_altar_island
D:4:      layout_rooms, minmay_temple_entry_gardened_gates, minivault_4
D:5:      layout_basic, uniq_sigmund, uniq_menkaure
Temple:   eino_temple_rhombus

Skill      XL: |  1  2  3 |
---------------+----------+-----
Dodging        | 2 |  2.0
Fighting       | |  3.6
Long Blades    | |  2.9
Armour         | |  0.8
Stealth        | |  3.6

Action                   |  1- 3 |  4- 6 || total
-------------------------+-------+-------++-------
Melee: Falchion          |     9 |       ||     9
       Flail             |    48 |     8 ||    56
       Tailslap          |    12 |       ||    12
 Stab: Sleeping          |     1 |     1 ||     2
Armor: Leather armour    |    26 |     2 ||    28
Dodge: Dodged            |    30 |     3 ||    33
       Rpst.: Falchion   |     2 |       ||     2

Table legend: (Time is in decaauts)
 A = Elapsed time spent in this place.
 B = Non-inter-level travel time spent in this place.
 C = Inter-level travel time spent in this place.
 D = Time resting spent in this place.
 E = Time spent auto-exploring this place.
 F = Levels seen in this place.
 G = Mean time per level.
                   A        B        C        D        E       F      G
               +--------+--------+--------+--------+--------+-----+--------+
         Total |   2010 |   1985 |     25 |    913 |    796 |   4 |  502.5 |
       Dungeon |   1997 |   1978 |     19 |    913 |    796 |   3 |  665.7 |
        Temple |     12 |      6 |      6 |      0 |      0 |   1 |   12.0 |
               +--------+--------+--------+--------+--------+-----+--------+

Top non-repeatable levels by time:
     D:5: 1046 daAuts
     D:4: 545 daAuts
     D:3: 405 daAuts
  Temple: 12 daAuts
